 Dungeon Crawl Stone Soup version 0.21-a0-521-g1cd18d1 (webtiles) character file.

458 Gerstahl the Chopper (level 6, -5/57 HPs)
             Began as a Draconian Gladiator on Dec 5, 2017.
             Shot with an arrow by a centaur (12 damage)
             ... on level 5 of the Dungeon.
             The game lasted 00:05:17 (4541 turns).

Gerstahl the Chopper (Draconian Gladiator)          Turns: 4541, Time: 00:05:18

Health: -5/57      AC:  6    Str: 17    XL:     6   Next: 77%
Magic:  6/6        EV: 13    Int:  8    God:
Gold:   236        SH:  0    Dex: 14    Spells: 5/5 levels left

rFire    . . .     SeeInvis .   a - +0 war axe
rCold    . . .     Gourm    .   (no shield)
rNeg     . . .     Faith    .   (armour unavailable)
rPois    .         Spirit   .   b - +0 hat
rElec    .         Reflect  .   (no cloak)
rCorr    .         Harm     .   (no gloves)
MR       .....                  (no boots)
Stlth    +.........             (no amulet)
HPRegen  0.19/turn              (no ring)
MPRegen  0.10/turn              (no ring)

@: no status effects
A: unfitting armour, cold-blooded, AC +6
a: no special abilities


You were on level 5 of the Dungeon.
You were not hungry.

You visited 1 branch of the dungeon, and saw 5 of its levels.

You collected 236 gold pieces.

Inventory:

Hand Weapons
 a - a +0 war axe (weapon)
Missiles
 c - a throwing net (quivered)
Armour
 b - a +0 hat (worn)
Jewellery
 w - an uncursed ring of protection from cold {unknown}
Wands
 v - a wand of digging (15)
Scrolls
 e - 2 scrolls of teleportation {unknown}
 f - a scroll of random uselessness {unknown}
 h - 2 scrolls of fear {unknown}
 i - 2 scrolls of identify {unknown}
 j - a scroll of amnesia {unknown}
 q - a scroll of remove curse {unknown}
 t - a scroll of noise {unknown}
 u - 2 scrolls of magic mapping {unknown}
Potions
 g - a potion of resistance {unknown}
 k - a potion of agility {unknown}
 n - a potion of degeneration {unknown}
 o - a potion of curing {unknown}
 p - a potion of lignification {unknown}
 r - a potion of might {unknown}
 x - a potion of mutation {unknown}
Books
 s - a book of Cantrips

   Spells                             Type                      Level
   a - Confusing Touch                Hexes                        1
   b - Animate Skeleton               Necromancy                   1
   c - Summon Small Mammal            Summoning                    1
   d - Apportation                    Translocation                1
Comestibles
 d - 4 bread rations
 l - 3 royal jellies
 m - 12 fruits


   Skills:
 + Level 5.6 Fighting
 + Level 5.7 Axes
 - Level 1.7 Throwing
 + Level 3.2 Dodging


You had 5 spell levels left.
You didn't know any spells.

Dungeon Overview and Level Annotations

Branches:
Dungeon (5/15)             Temple (0/1) D:4

Altars:
Dithmenos
Elyvilon
Fedhas
Qazlal
Ru
Xom

Shops:
D:4 [

Annotations:
D:5 Eustachio


Innate Abilities, Weirdness & Mutations

Your plain brown scales are hard. (AC +6)
You cannot fit into any form of body armour.
You are cold-blooded and may be slowed by cold attacks.


Message History

There are monsters nearby!
The centaur unwields an uncursed shortbow.
The centaur misses you. The centaur hits you.
There is an open door here.
The centaur wields an uncursed shortbow.
The centaur shoots an arrow.
The arrow hits you.
You see here 2 arrows.
The centaur shoots an arrow.
The arrow hits you but does no damage.
You see here an arrow.
The centaur shoots an arrow.
The arrow hits you!
The centaur shoots an arrow.
The arrow hits you!
You see here 2 arrows.
Eustachio gestures wildly while chanting.
The centaur shoots an arrow.
The arrow hits you.
* * * LOW HITPOINT WARNING * * *
The centaur shoots an arrow.
The arrow hits you!
* * * LOW HITPOINT WARNING * * *
You see here 2 arrows.
The centaur shoots an arrow.
The arrow hits you!
You die...

#....).#.....@.....#
#......#....(#.....#
#......#...c(#........
#......#.....#........
#......#.....#.@...?..
#......#...(.#........
#(....##....###....##.
#.....##.(..###.(..#
#......#.@....#
#......#......#
#...(..#......+
#.....##.....##
#.....##.....##
#................
#................
#.................
#.................


You could see a centaur.

Vanquished Creatures
  An ogre (D:5)
  A scorpion (D:4)
  A hound (D:2)
  An orc priest (D:4)
  2 orc wizards
  2 worker ants
  3 adders
  2 oozes
  An adder skeleton (D:4)
  A worm (D:3)
  2 dart slugs
  5 leopard geckos
  15 orcs
  8 giant cockroaches
  7 hobgoblins
  6 jackals
  3 quokkas
  A ball python (D:3)
  13 bats
  6 frilled lizards
  12 goblins
  3 kobolds
  11 rats
107 creatures vanquished.

Notes
Turn   | Place    | Note
-------+----------+-------------------------------------------
     0 | D:1      | Gerstahl the Draconian Gladiator began the quest for the Orb.
     0 | D:1      | Reached XP level 1. HP: 17/17 MP: 1/1
   178 | D:1      | Reached XP level 2. HP: 24/25 MP: 2/2
   262 | D:1      | Reached XP level 3. HP: 22/31 MP: 3/3
   824 | D:2      | Found a sacrificial altar of Ru.
  1014 | D:2      | Reached XP level 4. HP: 40/40 MP: 4/4
  1073 | D:2      | Found a faded altar of an unknown god.
  1170 | D:2      | Found a shadowy altar of Dithmenos.
  1832 | D:3      | Reached XP level 5. HP: 16/47 MP: 5/5
  2584 | D:3      | Found a shimmering altar of Xom.
  2978 | D:4      | Reached skill level 5 in Axes
  2979 | D:4      | Found a white marble altar of Elyvilon.
  3008 | D:4      | Reached skill level 5 in Fighting
  3259 | D:4      | Found Hootiquf's Armour Boutique.
  3259 | D:4      | Found a blossoming altar of Fedhas.
  3265 | D:4      | Found a stormy altar of Qazlal.
  3281 | D:4      | Found a staircase to the Ecumenical Temple.
  3349 | D:4      | Reached XP level 6. HP: 16/56 MP: 6/6
  4048 | D:5      | Entered Level 5 of the Dungeon
  4531 | D:5      | Noticed Eustachio
  4541 | D:5      | Shot with an arrow by a centaur

Vault maps used:
D:1:      shiori_arrival_elements
D:2:      grunt_dithmenos_smoke_and_mirrors,
          chequers_ecumenical_altar_simple_redux, serial_corexii_hall,
          corexii_hall_statues_l, corexii_hall_statues_deadend,
          corexii_hall_statues_x, corexii_hall_statues_i,
          nicolae_ru_path_of_blood
D:3:      xom_teletrap_fun, bh_chokoban, st_stairs_11
D:4:      grunt_temple_overflow_forces_of_nature,
          minmay_temple_entry_enclosed_plants, serial_shops, shop,
          elyvilon_altar_5
D:5:      first_bread, uniq_eustachio, uniq_blork_the_orc

Skill      XL: |  1  2  3  4  5  6 |
---------------+-------------------+-----
Fighting       | 3 4 5 |  5.6
Axes           | 4 5 |  5.7
Dodging        | 3 |  3.2
Throwing       | |  1.7

Action                   |  1- 3 |  4- 6 || total
-------------------------+-------+-------++-------
Melee: War axe           |   106 |   184 ||   290
       Tailslap          |     8 |    22 ||    30
Throw: Throwing net      |       |     4 ||     4
  Use: Potion            |       |     1 ||     1
 Stab: Held in net/web   |       |     1 ||     1
  Eat: Chunk             |       |     8 ||     8
       Meat ration       |       |     1 ||     1
Armor: Skin              |    37 |    74 ||   111
Dodge: Dodged            |   107 |   154 ||   261

Table legend:
 A = Spawn XP
 B = Non-spawn XP
 C = Spawn XP percentage of total XP
 D = Spawn monster count
 E = Non-spawn monster count
 F = Spawn count percentage of total count
 G = Total turns spent on level
                    A         B        C        D         E        F      G
               +---------+---------+-------+---------+---------+-------+---------
         Total |       0 |     655 |   0.0 |       0 |     107 |   0.0 |  4541
               +---------+---------+-------+---------+---------+-------+---------
           D:1 |       0 |      58 |   0.0 |       0 |      33 |   0.0 |   809
           D:2 |       0 |     108 |   0.0 |       0 |      25 |   0.0 |  1177
           D:3 |       0 |     104 |   0.0 |       0 |      28 |   0.0 |  1019
           D:4 |       0 |     217 |   0.0 |       0 |      18 |   0.0 |  1407
           D:5 |       0 |     168 |   0.0 |       0 |       3 |   0.0 |   129
               +---------+---------+-------+---------+---------+-------+---------
